[Event "Titled Tuesday Blitz February 21 Early 2023"]
[White "Svane, Rasmus"]
[Black "Kilic, Eray"]
[WhiteFideId "4657101"]
[BlackFideId "44517173"]
[WhiteElo "2623"]
[BlackElo "2414"]
[Result "1/2-1/2"]
[Round "07"]
[TimeControl "180+2"]
[Date "2023.02.21"]
[WhiteClock "0:00:09"]
[BlackClock "0:00:11"]

1. Nf3 Nf6 2. g3 g6 3. Bg2 Bg7 4. O-O O-O 5. d4 d6 6. Re1 d5 7. c4 c6 8. Qb3 Nbd7 9. cxd5 cxd5 10. Nc3 Nb6 11. Bf4 Bd7 12. Rec1 Bc6 13. Ne5 Rc8 14. a4 Nc4 15. Nb5 Qb6 16. Rxc4 dxc4 17. Nxc4 Qa6 18. Ne5 Bxg2 19. Kxg2 e6 20. Nf3 Nd5 21. Bd2 Nc7 22. Nc3 Rfd8 23. Bg5 Rd6 24. Bf4 Rb6 25. Qa2 Nd5 26. Nxd5 exd5 27. Qxd5 Rxb2 28. e4 Qc6 29. Qxc6 Rxc6 30. d5 Rcc2 31. Rf1 Bf8 32. d6 Rc4 33. e5 Rcc2 34. Be3 b6 35. Rd1 Kg7 36. d7 Be7 37. d8=Q Bxd8 38. Rxd8 Re2 39. Bd4 Rb4 40. Rd7 Kg8 41. Rxa7 g5 42. g4 h5 43. h3 Re4 44. Ra8+ Kg7 45. e6+ f6 46. Ra7+ Kg6 47. Rd7 hxg4 48. hxg4 Rxg4+ 49. Kf1 Re4 50. e7 Rb1+ 51. Kg2 Kf7 52. Rd6 Kxe7 53. Rc6 g4 54. Bxf6+ Kd7 55. Ne5+ Rxe5 56. Rc4 Rf5 57. Bh4 Ra1 58. Rxg4 Ra5 59. Rg7+ Kc6 60. Rg6+ Kb7 61. Bd8 Rb1 62. Rg4 Rb2 63. Kg3 Rf5 64. f3 Rb3 65. Rf4 Rxf4 66. Kxf4 Rb4+ 67. Kg5 Rxa4 68. f4 Kc6 69. f5 Rd4 70. Be7 Rd1 71. f6 Kd7 72. Kf5 Rf1+ 73. Ke5 Rd1 74. Bb4 Rf1 75. Be7 b5 76. Kd5 Rf5+ 77. Kd4 Ke6 78. Kc3 Rf4 79. Kb3 Kd5 80. Kc3 Kc6 81. Kb3 Kb6 82. Bd8+ Ka6 83. Be7 Kb7 84. Kc3 Kc6 85. Kb3 Rf1 86. Kc3 Rf5 87. Kb3 Rf4 88. Kc3 Kd5 89. Kb3 Ke6 90. Kc3 Kf7 91. Kb3 Rc4 92. Ka3 Ke6 93. Kb3 Re4 94. Kc3 b4+ 95. Bxb4 Kxf6 96. Kb3 Ke6 97. Kc3 Kd5 98. Bf8 Rc4+ 99. Kd3 Rf4 100. Bg7 Rf3+ 101. Ke2 Ke4 102. Bh6 Rh3 103. Bg5 Rh2+ 104. Kd1 Kd3 105. Ke1 Rg2 106. Bh6 Rg6 107. Bf4 Re6+ 108. Kf2 Rf6 109. Kf3 Rf7 110. Kg3 Ke4 111. Bd6 Rf3+ 112. Kg2 Rf6 113. Bh2 Ke3 114. Kh1 Kf2 115. Bg1+ Kf3 116. Bh2 Re6 117. Bg1 Re2 118. Bh2 Kf2 119. Bg1+ Kf1 120. Bh2 Rg2 121. Bc7 Rg7 122. Bh2 Kf2 123. Bd6 Kf3 124. Bh2 Kg4 125. Bd6 Kh3 126. Bh2 Rg2 127. Bg1 Rc2 128. Bb6 Kg3 129. Bg1 Kf3 130. Bb6 Rc1+ 131. Kh2 Rb1 132. Ba7 Rb7 133. Bc5 Rh7+ 134. Kg1 Rh5 135. Bb6 Rb5 136. Ba7 Kg3 137. Kh1 Rh5+ 138. Kg1 Rh7 139. Bf2+ Kf3 140. Bb6 Rb7 141. Bc5 Rg7+ 142. Kh1 Rh7+ 143. Kg1 Rc7 144. Bb6 Rc1+ 145. Kh2 Ke2 1/2-1/2


[Site "https://www.chess.com"]

[Event "Titled Tuesday Blitz February 21 Early 2023"]
[White "Caruana, Fabiano"]
[Black "Mitrabha, Guha"]
[WhiteFideId "2020009"]
[BlackFideId "5057000"]
[WhiteElo "2764"]
[BlackElo "2507"]
[Result "1-0"]
[Round "07"]
[TimeControl "180+2"]
[Date "2023.02.21"]
[WhiteClock "0:00:08"]
[BlackClock "0:00:04"]

1. d4 Nf6 2. c4 e6 3. Nc3 Bb4 4. e3 O-O 5. a3 Bxc3+ 6. bxc3 c5 7. Bd3 Nc6 8. Nf3 d6 9. e4 e5 10. d5 Ne7 11. h3 Ng6 12. g3 Bd7 13. Kf1 h6 14. Kg2 Nh7 15. Qc2 Qc8 16. h4 Ne7 17. h5 f5 18. Nh4 fxe4 19. Bxe4 Nf6 20. Bg6 Bg4 21. f3 Bd7 22. a4 Nxg6 23. Nxg6 Rf7 24. Qe2 e4 25. Bf4 exf3+ 26. Qxf3 Bg4 27. Qe3 Qd7 28. Rae1 Re8 29. Qd3 Nxh5 30. Qd2 Bf5 31. Rxe8+ Qxe8 32. Re1 Qd7 33. Nh4 Nxf4+ 34. gxf4 Bh3+ 35. Kh2 Qg4 36. Re8+ Rf8 37. Rxf8+ Kxf8 38. Qf2 Kf7 39. Nf3 Qxf4+ 40. Kxh3 Kg8 41. Qe2 Kh8 42. Kg2 g5 43. Nd2 Kg7 44. Ne4 g4 45. Ng3 Kg6 46. Qe6+ Kg5 47. Qe7+ Kg6 48. Qe8+ Kg5 49. Qe2 a6 50. a5 Kg6 51. Qe4+ Kg5 52. Qe7+ Kg6 53. Qe6+ Kg5 54. Ne4+ Kh5 55. Qe8+ Kh4 56. Qe7+ Kh5 57. Ng3+ Kg6 58. Qe6+ Kg5 59. Qe4 Qd2+ 60. Ne2 h5 61. Qe7+ Kg6 62. Qxd6+ Kg5 63. Qe5+ Kg6 64. Qd6+ Kg5 65. Qf4+ Qxf4 66. Nxf4 Kxf4 67. d6 h4 68. d7 h3+ 69. Kh2 1-0


[Site "https://www.chess.com"]

[Event "Titled Tuesday Blitz February 21 Early 2023"]
[White "Chigaev, Maksim"]
[Black "Sarana, Alexey"]
[WhiteFideId "4108116"]
[BlackFideId "24133795"]
[WhiteElo "2628"]
[BlackElo "2685"]
[Result "1/2-1/2"]
[Round "07"]
[TimeControl "180+2"]
[Date "2023.02.21"]
[WhiteClock "0:00:07"]
[BlackClock "0:00:05"]

1. Nf3 d5 2. d4 Nf6 3. c4 e6 4. g3 Bb4+ 5. Nc3 dxc4 6. Bg2 O-O 7. O-O Nc6 8. Re1 Bd6 9. Bg5 h6 10. Bxf6 Qxf6 11. e3 e5 12. d5 Na5 13. Qa4 b6 14. Ne4 Qe7 15. Nxd6 cxd6 16. Nd2 Bd7 17. Qa3 f5 18. b4 cxb3 19. axb3 Bb5 20. Rac1 Rac8 21. h4 e4 22. h5 Bd3 23. Bh3 Rc5 24. Qa4 Rxd5 25. b4 Nb7 26. Qxa7 Rb5 27. Nc4 Rxb4 28. Nxb6 Rb2 29. Nd5 Qf7 30. Qa1 Qxd5 31. Qxb2 Nc5 32. Qd4 Qe6 33. Ra1 Qf7 34. Ra3 Qxh5 35. Bf1 Kh7 36. Qxd6 Rc8 37. Rc3 Bxf1 38. Rxf1 Nb7 39. Qd4 Rxc3 40. Qxc3 Nd6 41. Qe5 Nf7 42. Qf4 Qg6 43. Kg2 Ng5 44. Rd1 Qf7 45. Rc1 Nf3 46. Rc5 Kg6 47. Rc6+ Kh7 48. Rc5 Kg6 49. Qd6+ Kh7 50. Qd5 Qxd5 51. Rxd5 Kg6 52. Rd7 Kf6 53. Ra7 g6 54. Ra6+ Kg5 55. Ra7 h5 56. Rb7 Kg4 57. Rg7 g5 58. Rg8 Ne1+ 59. Kf1 Nf3 60. Kg2 Ne1+ 61. Kf1 Nf3 62. Kg2 1/2-1/2


[Site "https://www.chess.com"]

[Event "Titled Tuesday Blitz February 21 Early 2023"]
[White "Ter-Sahakyan, Samvel"]
[Black "Le, Tuan Minh"]
[WhiteFideId "13302531"]
[BlackFideId "12401153"]
[WhiteElo "2617"]
[BlackElo "2542"]
[Result "0-1"]
[Round "07"]
[TimeControl "180+2"]
[Date "2023.02.21"]
[WhiteClock "0:00:02"]
[BlackClock "0:00:21"]

1. d4 Nf6 2. c4 c6 3. Nc3 d5 4. Nf3 a6 5. g3 Bf5 6. Qb3 b5 7. cxd5 cxd5 8. a4 b4 9. Qxb4 Nc6 10. Qc5 Rc8 11. a5 e5 12. Qb6 exd4 13. Na4 Bb4+ 14. Bd2 Bxd2+ 15. Nxd2 O-O 16. Qxd8 Rfxd8 17. Nb6 Rb8 18. Nb3 Bc2 19. Nc5 Nxa5 20. Rxa5 Rxb6 21. Bg2 Rxb2 22. O-O Rb5 23. Rfa1 Rdb8 24. Bf3 g5 25. h3 Kg7 26. Nxa6 h5 27. g4 Rxa5 28. Rxa5 Ra8 29. Ra2 Bb3 30. Ra3 Bc4 0-1


[Site "https://www.chess.com"]

[Event "Titled Tuesday Blitz February 21 Early 2023"]
[White "Livaic, Leon"]
[Black "Hakobyan, Aram"]
[WhiteFideId "14531534"]
[BlackFideId "13306677"]
[WhiteElo "2579"]
[BlackElo "2608"]
[Result "1/2-1/2"]
[Round "07"]
[TimeControl "180+2"]
[Date "2023.02.21"]
[WhiteClock "0:00:11"]
[BlackClock "0:00:12"]

1. d4 g6 2. c4 Bg7 3. Nc3 c5 4. d5 d6 5. e4 Bxc3+ 6. bxc3 e5 7. h4 Nd7 8. h5 h6 9. hxg6 fxg6 10. Nf3 Qf6 11. a4 a5 12. Rb1 Kd8 13. Rxh6 Kc7 14. Bg5 Qg7 15. Rxh8 Qxh8 16. Nh4 Ngf6 17. Qf3 Qg7 18. Bd3 Nh7 19. Qg3 Nxg5 20. Qxg5 Nf8 21. Kd2 Bd7 22. Nf5 Qf7 23. Qe7 Qxe7 24. Nxe7 Bxa4 25. g3 Re8 26. Ng8 Nd7 27. Nh6 Nf6 28. Nf7 Bd7 29. f4 Re7 30. Nxd6 Kxd6 31. Rb6+ Bc6 32. dxc6 bxc6 33. f5 gxf5 34. exf5 e4 35. Be2 Ra7 36. g4 a4 37. g5 a3 38. Rb1 Nh7 39. g6 Nf6 40. Ra1 Ke5 41. Ke3 a2 42. Bd1 Kxf5 43. g7 Rxg7 44. Rxa2 Rg3+ 45. Kf2 Rxc3 46. Be2 Ng4+ 47. Ke1 Ne5 48. Ra5 Rc1+ 49. Kf2 Kf4 50. Rxc5 Rc2 51. Ke1 Ke3 52. Rxe5 Rxe2+ 53. Kd1 Rd2+ 54. Kc1 Rh2 55. Re6 Kd3 56. Rd6+ Kc3 57. Kd1 e3 58. Rxc6 Kd3 59. Rd6+ Kxc4 60. Ke1 Ra2 61. Rd8 Kc3 62. Rc8+ Kd3 63. Rd8+ Ke4 64. Re8+ Kf3 65. Rf8+ Kg4 66. Rg8+ Kf5 67. Rf8+ Ke4 68. Re8+ Kd4 69. Rd8+ Kc5 70. Rc8+ Kd6 71. Rd8+ Ke7 72. Rd3 e2 73. Re3+ Kd6 74. Rxe2 Ra1+ 75. Kf2 Ra5 76. Rd2+ Rd5 77. Ke3 Rxd2 78. Kxd2 1/2-1/2


[Site "https://www.chess.com"]

[Event "Titled Tuesday Blitz February 21 Early 2023"]
[White "Bacrot, Etienne"]
[Black "Lenderman, Aleksandr"]
[WhiteFideId "605506"]
[BlackFideId "2021285"]
[WhiteElo "2667"]
[BlackElo "2572"]
[Result "1-0"]
[Round "07"]
[TimeControl "180+2"]
[Date "2023.02.21"]
[WhiteClock "0:00:07"]
[BlackClock "0:00:03"]

1. e4 e6 2. d4 d5 3. e5 c5 4. c3 Nc6 5. Nf3 Qb6 6. Be2 cxd4 7. cxd4 Nge7 8. Na3 Nf5 9. Nc2 Be7 10. O-O O-O 11. a3 Bd7 12. b4 Rac8 13. Bb2 Na5 14. g3 Ba4 15. Bd3 Nc4 16. Bc1 f6 17. exf6 Bxf6 18. Rb1 Nxd4 19. Nfxd4 Bxd4 20. Qe2 Bxc2 21. Bxc2 Rxf2 22. Rxf2 Rf8 23. Qh5 Rxf2 24. Bxh7+ Kf8 25. Kh1 Be3 26. Bg6 Rf1+ 27. Kg2 Rxc1 28. Qh8+ Ke7 29. Qxg7+ Kd8 30. Qf8+ Kc7 31. Qe7+ Kc8 32. Qe8+ Qd8 33. Qxe6+ Kb8 34. Rxc1 Bxc1 35. h4 Bxa3 36. h5 Bxb4 37. h6 Bc3 38. h7 a5 39. Qg8 Kc7 40. Bf7 a4 41. Kh2 Nb6 42. Bg6 a3 43. Bb1 Nc4 44. Ba2 Ne3 45. Qf7+ Kb8 46. Qg8 Kc7 47. Qf7+ Kb6 48. Qe6+ Ka5 49. Qxe3 d4 50. Qe5+ 1-0


[Site "https://www.chess.com"]

[Event "Titled Tuesday Blitz February 21 Early 2023"]
[White "Daneshvar, Bardiya"]
[Black "Bernadskiy, Vitaliy"]
[WhiteFideId "12576468"]
[BlackFideId "14100371"]
[WhiteElo "2540"]
[BlackElo "2592"]
[Result "1-0"]
[Round "07"]
[TimeControl "180+2"]
[Date "2023.02.21"]
[WhiteClock "0:01:34"]
[BlackClock "0:01:17"]

1. b3 e5 2. Bb2 Nc6 3. e3 g6 4. Bb5 Bg7 5. Nf3 Nge7 6. d4 e4 7. Nfd2 f5 8. Be2 O-O 9. c4 d5 10. g3 Be6 11. Nc3 h6 12. a3 Kh7 13. h4 a6 14. b4 dxc4 15. Nxc4 Nd5 16. Nxd5 Bxd5 17. Rc1 Qe7 18. Nd2 Nd8 19. Bc4 c6 20. Bxd5 cxd5 21. Qb3 Qf7 22. Rc5 Ne6 23. Rxd5 Rfe8 24. h5 gxh5 25. Rd6 Rac8 26. Kd1 Qc7 27. Rxe6 Rxe6 28. Qxe6 Qc2+ 29. Ke1 1-0


[Site "https://www.chess.com"]

[Event "Titled Tuesday Blitz February 21 Early 2023"]
[White "Alekseenko, Kirill"]
[Black "Gokerkan, Cem Kaan"]
[WhiteFideId "4135539"]
[BlackFideId "6336760"]
[WhiteElo "2686"]
[BlackElo "2500"]
[Result "1-0"]
[Round "07"]
[TimeControl "180+2"]
[Date "2023.02.21"]
[WhiteClock "0:00:20"]
[BlackClock "0:00:57"]

1. d4 Nf6 2. Nc3 d5 3. Bf4 a6 4. e3 b5 5. h4 c5 6. dxc5 Nc6 7. a3 e5 8. Bg5 Be6 9. b4 Be7 10. Nf3 h6 11. Bxf6 Bxf6 12. Be2 e4 13. Nd4 Nxd4 14. exd4 Bxh4 15. g3 Bg5 16. a4 bxa4 17. Nxa4 O-O 18. Nb6 Rb8 19. Rxa6 f5 20. c3 f4 21. gxf4 Rxf4 22. Nc4 Bc8 23. Rd6 Qf8 24. Rxd5 Rxf2 25. Rxg5 hxg5 26. Ne5 Be6 27. Rh8+ Kxh8 28. Ng6+ Kh7 29. Nxf8+ Rbxf8 30. d5 Bg4 31. Bxg4 Rf1+ 32. Ke2 Rxd1 33. Kxd1 Rf4 34. c6 Rxg4 35. c7 Rg1+ 36. Ke2 Rg2+ 37. Ke1 Rg1+ 38. Kf2 1-0


[Site "https://www.chess.com"]

[Event "Titled Tuesday Blitz February 21 Early 2023"]
[White "Erigaisi Arjun"]
[Black "Vakhlamov, Igor L."]
[WhiteFideId "35009192"]
[BlackFideId "24126748"]
[WhiteElo "2701"]
[BlackElo "2413"]
[Result "1-0"]
[Round "07"]
[TimeControl "180+2"]
[Date "2023.02.21"]
[WhiteClock "0:00:38"]
[BlackClock "0:00:02"]

1. c4 c5 2. Nc3 Nf6 3. Nf3 Nc6 4. g3 e6 5. Bg2 d5 6. cxd5 exd5 7. d4 Be7 8. O-O O-O 9. a3 c4 10. Ne5 Be6 11. Bg5 Rc8 12. e3 Nd7 13. Bxe7 Nxe7 14. Qd2 a6 15. Rad1 b5 16. Ne2 Qc7 17. f4 f6 18. Nf3 Rfe8 19. h3 Nf5 20. Ne1 Nb6 21. Nc2 Bf7 22. g4 Nd6 23. f5 Ne4 24. Bxe4 Rxe4 25. Nf4 Rce8 26. Rf3 Na4 27. Nb4 a5 28. Nbxd5 Bxd5 29. Nxd5 Qd6 30. Nf4 b4 31. Ne6 c3 32. bxc3 Nxc3 33. Ra1 h5 34. gxh5 Rh4 35. axb4 axb4 36. Qg2 Qd7 37. Rg3 Kh8 38. Rxg7 Qd5 39. Rh7+ Kxh7 40. Qg7# 1-0


[Site "https://www.chess.com"]

[Event "Titled Tuesday Blitz February 21 Early 2023"]
[White "Zemlyanskii, Ivan"]
[Black "Shimanov, Aleksandr"]
[WhiteFideId "24249971"]
[BlackFideId "4198603"]
[WhiteElo "2300"]
[BlackElo "2581"]
[Result "1-0"]
[Round "07"]
[TimeControl "180+2"]
[Date "2023.02.21"]
[WhiteClock "0:00:37"]
[BlackClock "0:00:05"]

1. d4 Nf6 2. c4 g6 3. h4 d6 4. Nc3 Nbd7 5. e4 e5 6. d5 Nc5 7. Qc2 a5 8. Be2 h5 9. Bg5 Be7 10. Nh3 Nh7 11. Bxe7 Qxe7 12. g3 Bd7 13. O-O-O O-O-O 14. f3 g5 15. Nf2 Rdg8 16. Nd3 gxh4 17. Nxc5 dxc5 18. Rxh4 Nf8 19. Rdh1 Rxg3 20. Rxh5 Rxh5 21. Rxh5 Rg1+ 22. Bd1 Qf6 23. Qh2 Rg5 24. Qh4 Rg6 25. Qxf6 Rxf6 26. Rh8 Kd8 27. Rxf8+ Ke7 28. Rb8 b6 29. Kd2 Rh6 30. Be2 Rh2 31. Nb5 f5 32. exf5 Bxf5 33. Nxc7 e4 34. Ke3 exf3 35. Kxf3 Kd6 36. Nb5+ Ke5 37. Re8+ Kf6 38. d6 Kg5 39. Kg3 Rh3+ 40. Kf2 Rh2+ 41. Ke1 Kf4 42. Nc7 Be4 43. Nd5+ Bxd5 44. cxd5 Rh1+ 45. Kd2 Rh7 46. Re7 Rh8 47. d7 Rd8 48. Bb5 1-0


[Site "https://www.chess.com"]

[Event "Titled Tuesday Blitz February 21 Early 2023"]
[White "Kukhmazov, Arsen"]
[Black "Demchenko, Anton"]
[WhiteFideId "24108260"]
[BlackFideId "4160258"]
[WhiteElo "2512"]
[BlackElo "2623"]
[Result "1-0"]
[Round "07"]
[TimeControl "180+2"]
[Date "2023.02.21"]
[WhiteClock "0:00:04"]
[BlackClock "0:00:04"]

1. d4 d5 2. c4 c6 3. Nf3 Nf6 4. Qc2 g6 5. Bf4 Bg7 6. e3 O-O 7. Nc3 Na6 8. a3 Bf5 9. Qb3 Qb6 10. Qa2 Ne4 11. Nxe4 Bxe4 12. Nd2 Bf5 13. b4 Rae8 14. cxd5 cxd5 15. Qxd5 e5 16. dxe5 Nc7 17. Qd4 Qc6 18. Qc4 Qd7 19. Nf3 Ne6 20. Be2 Rc8 21. Qb3 g5 22. Bg3 h5 23. h4 g4 24. Ng5 Rc2 25. Rd1 Qc6 26. Kf1 Nxg5 27. hxg5 Be4 28. Rh2 Rc8 29. Re1 Bd5 30. Qd3 Be4 31. Qd6 Qc3 32. f3 1-0


[Site "https://www.chess.com"]

[Event "Titled Tuesday Blitz February 21 Early 2023"]
[White "Terry, Renato"]
[Black "Fernandez Guillen, Ernesto J."]
[WhiteFideId "3803457"]
[BlackFideId "3512428"]
[WhiteElo "2520"]
[BlackElo "2477"]
[Result "1-0"]
[Round "07"]
[TimeControl "180+2"]
[Date "2023.02.21"]
[WhiteClock "0:00:15"]
[BlackClock "0:00:13"]

1. Nf3 Nf6 2. b3 g6 3. Bb2 Bg7 4. g3 O-O 5. c4 b6 6. Bg2 Bb7 7. O-O d6 8. d4 Nbd7 9. Nc3 e5 10. dxe5 dxe5 11. Qc2 Qe7 12. Rad1 Rfd8 13. Nb5 Ne8 14. Ba3 c5 15. Rd2 e4 16. Nh4 f5 17. Rfd1 Ne5 18. Rxd8 Rxd8 19. Nxa7 Nc7 20. Bc1 Ne6 21. Rxd8+ Qxd8 22. Nb5 Nd4 23. Qd2 Qd7 24. e3 Nxb5 25. Qxd7 Nxd7 26. cxb5 Bf6 27. Bf1 Bxh4 28. gxh4 Ne5 29. Bb2 Nf3+ 30. Kh1 Bd5 31. Bf6 Nd2 32. Be2 c4 33. b4 Nb1 34. a4 c3 35. Bd1 Bc4 36. Bd4 Bd3 37. a5 bxa5 38. bxa5 Bxb5 39. Bc2 Na3 40. Bb3+ Bc4 41. Bxc4+ Nxc4 42. Bxc3 Kf7 43. a6 Nb6 44. Ba5 Na8 45. Kg2 Ke6 46. Kg3 Ke5 47. Bd8 Ke6 48. Kf4 h6 49. Ba5 Kd5 50. h5 gxh5 51. Kxf5 h4 52. Kf4 h3 53. Kf5 Kc6 54. Kxe4 Kb5 55. Bd8 Kxa6 56. f4 Kb7 57. f5 Kc8 58. Ba5 Kd7 59. Ke5 Ke7 60. f6+ Kf7 61. Kf5 1-0


[Site "https://www.chess.com"]

[Event "Titled Tuesday Blitz February 21 Early 2023"]
[White "Paravyan, David"]
[Black "Bharath Subramaniyam H"]
[WhiteFideId "4194985"]
[BlackFideId "46634827"]
[WhiteElo "2601"]
[BlackElo "2517"]
[Result "1-0"]
[Round "07"]
[TimeControl "180+2"]
[Date "2023.02.21"]
[WhiteClock "0:00:31"]
[BlackClock "0:00:19"]

1. d4 Nf6 2. c4 g6 3. Nf3 Bg7 4. Nc3 d5 5. cxd5 Nxd5 6. e4 Nxc3 7. bxc3 O-O 8. Be2 c5 9. O-O cxd4 10. cxd4 Bg4 11. Be3 Nc6 12. d5 Bxf3 13. Bxf3 Ne5 14. Rb1 b6 15. Be2 Rc8 16. Qa4 Qc7 17. Rfc1 Qd7 18. Qxd7 Nxd7 19. Ba6 Rxc1+ 20. Rxc1 Be5 21. Rc4 Rb8 22. Bb5 Nc5 23. f4 Bb2 24. Kf2 Rd8 25. Rc2 Nxe4+ 26. Kf3 Nd6 27. Rxb2 Nf5 28. Bc6 e6 29. Rd2 Rd6 30. Bb7 Rd7 31. Ba6 Rxd5 32. Rxd5 exd5 33. Bb7 d4 34. Bf2 Nd6 35. Bc6 d3 36. Ke3 Kf8 37. Kxd3 Ke7 38. Bf3 Kd7 39. g4 Ne8 40. Bd4 Nc7 41. h4 Ne6 42. Be3 Kd6 43. g5 Ng7 44. Bg4 Kd5 45. Bd4 Ne8 46. f5 Nd6 47. Bf3+ 1-0


[Site "https://www.chess.com"]

[Event "Titled Tuesday Blitz February 21 Early 2023"]
[White "Madaminov, Mukhiddin"]
[Black "Bluebaum, Matthias"]
[WhiteFideId "14210703"]
[BlackFideId "24651516"]
[WhiteElo "2422"]
[BlackElo "2669"]
[Result "1-0"]
[Round "07"]
[TimeControl "180+2"]
[Date "2023.02.21"]
[WhiteClock "0:00:20"]
[BlackClock "0:01:02"]

1. d4 d5 2. Nc3 e6 3. Bf4 a6 4. e4 Nf6 5. exd5 exd5 6. Bd3 c5 7. Nf3 c4 8. Be2 Bb4 9. O-O Bxc3 10. bxc3 O-O 11. Ne5 Ne4 12. Qe1 Re8 13. Bh5 g6 14. Bf3 Nd6 15. Bxd5 Be6 16. Bxe6 Rxe6 17. Qb1 f6 18. Ng4 Nb5 19. a4 Nxc3 20. Qxb7 Nc6 21. Nh6+ Kh8 22. Nf7+ Kg8 23. Nxd8 Rxd8 24. Rfe1 Rxe1+ 25. Rxe1 Nxd4 26. Bh6 Nf5 27. Bc1 Ne2+ 28. Kf1 Ned4 29. Qxa6 Nd6 30. Rd1 N4f5 31. g4 Nh4 32. Rxd6 Re8 33. Qxc4+ Kg7 34. Bb2 Kh6 35. Qf4+ g5 36. Qxf6+ Ng6 37. Qg7# 1-0


[Site "https://www.chess.com"]

[Event "Titled Tuesday Blitz February 21 Early 2023"]
[White "Deac, Bogdan-Daniel"]
[Black "Sanal, Vahap"]
[WhiteFideId "1226380"]
[BlackFideId "6300545"]
[WhiteElo "2700"]
[BlackElo "2600"]
[Result "1-0"]
[Round "07"]
[TimeControl "180+2"]
[Date "2023.02.21"]
[WhiteClock "0:00:08"]
[BlackClock "0:00:01"]

1. d4 d5 2. c4 e6 3. Nf3 Nf6 4. g3 Bb4+ 5. Nc3 O-O 6. Bg2 b6 7. O-O Bb7 8. Qb3 Be7 9. cxd5 exd5 10. Bf4 a6 11. Rac1 Bd6 12. Ne5 Be7 13. Bg5 c6 14. Na4 b5 15. Nc5 Bc8 16. Rfd1 Ra7 17. Bxf6 Bxf6 18. e4 dxe4 19. Bxe4 Rc7 20. Qf3 Qe8 21. Re1 Re7 22. Qf4 h6 23. h4 Qd8 24. Bb1 Qd5 25. Bc2 Bxe5 26. dxe5 Qxa2 27. Qe4 g6 28. Qf4 Qd5 29. Bb3 Qd8 30. Qxh6 Be6 31. Nxe6 fxe6 32. Qxg6+ Kh8 33. Bxe6 Rg7 34. Qh6+ Rh7 35. Qe3 Qe7 36. Bh3 c5 37. Qxc5 Qf7 38. Qe3 Qe7 39. e6 Rg8 40. Bg2 Qg7 41. Qe5 Qxe5 42. Rxe5 Re7 43. Rh5+ Kg7 44. Rg5+ Kh8 45. Rxg8+ Kxg8 46. Rc8+ Kg7 47. Rxb8 Rxe6 48. Rb7+ Kf6 49. Bf3 Ke5 50. Kg2 Kd4 51. h5 Kc4 52. g4 Re5 53. h6 Re8 54. h7 Kb3 55. g5 Kxb2 56. g6 b4 57. g7 1-0


[Site "https://www.chess.com"]

[Event "Titled Tuesday Blitz February 21 Early 2023"]
[White "Grigoriants, Sergey"]
[Black "Korobov, Anton"]
[WhiteFideId "4130804"]
[BlackFideId "14105730"]
[WhiteElo "2562"]
[BlackElo "2664"]
[Result "0-1"]
[Round "07"]
[TimeControl "180+2"]
[Date "2023.02.21"]
[WhiteClock "0:00:06"]
[BlackClock "0:00:32"]

1. c4 Nf6 2. Nc3 g6 3. e4 d6 4. d4 Bg7 5. Be2 O-O 6. Be3 a6 7. h4 b5 8. cxb5 axb5 9. Bxb5 Ng4 10. Bc1 e5 11. dxe5 Nxe5 12. h5 Bg4 13. Be2 Bxe2 14. Ngxe2 Nbc6 15. Nd5 Qd7 16. hxg6 fxg6 17. f3 Nxf3+ 18. gxf3 Rxf3 19. Ndf4 Nb4 20. a3 Qc6 21. Rb1 Nc2+ 22. Kd2 Ne3 23. Nd4 Nc4+ 24. Ke1 Qxe4+ 25. Qe2 Rxf4 26. Bxf4 Qxb1+ 0-1


[Site "https://www.chess.com"]

[Event "Titled Tuesday Blitz February 21 Early 2023"]
[White "Molina, Roberto Junio Brito"]
[Black "Navara, David"]
[WhiteFideId "2109450"]
[BlackFideId "309095"]
[WhiteElo "2403"]
[BlackElo "2678"]
[Result "1/2-1/2"]
[Round "07"]
[TimeControl "180+2"]
[Date "2023.02.21"]
[WhiteClock "0:00:30"]
[BlackClock "0:00:34"]

1. d4 Nf6 2. c4 e6 3. Nf3 b6 4. g3 Ba6 5. Qa4 Bb7 6. Bg2 c5 7. O-O cxd4 8. Nxd4 Bxg2 9. Kxg2 Qc8 10. Nc3 Qb7+ 11. f3 Be7 12. Rd1 Nc6 13. Nxc6 dxc6 14. Bg5 O-O 15. Rd3 Rfd8 16. Rad1 Rxd3 17. Rxd3 Rd8 18. Rxd8+ Bxd8 19. Qd1 Be7 20. Qd3 h6 21. Bf4 a6 22. a4 Nd7 23. Bd6 Nc5 24. Bxc5 Bxc5 25. Ne4 Be7 26. b3 Qc7 27. c5 b5 28. axb5 axb5 29. b4 Qa7 30. Qd4 Qa2 31. Kf2 Qd5 32. Ke3 Kf8 33. h4 f5 34. Nf2 Bf6 35. Qxd5 exd5 36. Nd3 g5 37. hxg5 hxg5 38. g4 fxg4 39. fxg4 Bc3 40. Kf3 Ke7 41. e3 Ke6 42. Ke2 Kd7 43. Kf3 Ke6 44. Ke2 Kd7 45. Kf3 Ke6 1/2-1/2


[Site "https://www.chess.com"]

[Event "Titled Tuesday Blitz February 21 Early 2023"]
[White "Bortnyk, Mykola"]
[Black "Rakhmanov, Aleksandr"]
[WhiteFideId "14120836"]
[BlackFideId "4173708"]
[WhiteElo "2425"]
[BlackElo "2632"]
[Result "0-1"]
[Round "07"]
[TimeControl "180+2"]
[Date "2023.02.21"]
[WhiteClock "0:00:02"]
[BlackClock "0:00:05"]

1. e4 c5 2. c3 e6 3. d4 d5 4. exd5 exd5 5. Nf3 Nc6 6. Bb5 Bd6 7. dxc5 Bxc5 8. O-O Ne7 9. Nbd2 O-O 10. Nb3 Bb6 11. h3 Nf5 12. Bf4 h6 13. Qd2 Be6 14. Rad1 a6 15. Bd3 Qf6 16. Rfe1 Rfe8 17. Ne5 Rad8 18. Nxc6 bxc6 19. Bxa6 Nh4 20. Bg3 Bxh3 21. Bf1 Bg4 22. Rxe8+ Rxe8 23. Re1 Rxe1 24. Qxe1 Nf5 25. Qe8+ Kh7 26. Bd3 h5 27. a4 h4 28. Be5 Qg5 29. Qxf7 Bxf2+ 30. Kh1 h3 31. Qxg7+ Qxg7 32. Bxg7 Kxg7 33. gxh3 Bxh3 34. Kh2 Bg4 35. a5 Kf6 36. a6 Ke5 37. Bxf5 Bxf5 38. Nd4 Bc8 39. Nxc6+ Kd6 40. a7 Bb7 41. Na5 Ba8 42. Nb3 Bxa7 43. Kg3 Ke5 44. Kf3 Bb7 45. Ke2 Ba6+ 46. Kd2 Ke4 47. Nc1 Be3+ 48. Kc2 Bb5 49. Na2 Ba4+ 50. b3 Bd7 51. Nb4 Bf5 52. Nc6 Bc5 53. Kb2 Kd3 54. Ne5+ Ke4 55. Nc6 Bd6 56. Na7 Kd3 57. Nb5 Be5 0-1


[Site "https://www.chess.com"]

[Event "Titled Tuesday Blitz February 21 Early 2023"]
[White "Stribuk, Artiom"]
[Black "Yilmaz, Mustafa"]
[WhiteFideId "13515659"]
[BlackFideId "6302718"]
[WhiteElo "2378"]
[BlackElo "2641"]
[Result "0-1"]
[Round "07"]
[TimeControl "180+2"]
[Date "2023.02.21"]
[WhiteClock "0:00:07"]
[BlackClock "0:00:22"]

1. d4 Nf6 2. c4 e6 3. Nc3 c5 4. d5 exd5 5. cxd5 d6 6. e4 g6 7. f4 Bg7 8. Bb5+ Nfd7 9. a4 O-O 10. Nf3 Na6 11. O-O Nb4 12. Re1 Nf6 13. Bc4 Bg4 14. h3 Bxf3 15. Qxf3 Nc2 16. Bd2 Nxa1 17. Rxa1 a6 18. e5 dxe5 19. fxe5 Nd7 20. e6 Ne5 21. exf7+ Rxf7 22. Qe2 Nxc4 23. Qxc4 b5 24. Qxc5 Rc8 25. Qb4 Qb6+ 26. Kh1 Rcf8 27. Qe4 Rf1+ 28. Rxf1 Rxf1+ 29. Kh2 Qb8+ 30. g3 Rf2+ 31. Kg1 Qxg3+ 0-1


[Site "https://www.chess.com"]

[Event "Titled Tuesday Blitz February 21 Early 2023"]
[White "Ahmadzada, Ahmad"]
[Black "Indjic, Aleksandar"]
[WhiteFideId "13413007"]
[BlackFideId "911925"]
[WhiteElo "2488"]
[BlackElo "2618"]
[Result "1-0"]
[Round "07"]
[TimeControl "180+2"]
[Date "2023.02.21"]
[WhiteClock "0:00:05"]
[BlackClock "0:00:04"]

1. d4 Nf6 2. c4 e6 3. Nf3 c5 4. d5 d6 5. Nc3 exd5 6. cxd5 g6 7. e4 a6 8. a4 Bg4 9. Be2 Bxf3 10. Bxf3 Nbd7 11. O-O Bg7 12. Bf4 Qe7 13. a5 O-O 14. Re1 Rfe8 15. h3 Rac8 16. Qb3 Rc7 17. Rad1 Ne5 18. Be2 c4 19. Qa2 Nfd7 20. Na4 Rec8 21. Be3 g5 22. Nb6 Nxb6 23. Bxb6 Rc5 24. Bxc5 Rxc5 25. b4 cxb3 26. Qxb3 Rxa5 27. Rc1 b5 28. Rc8+ Bf8 29. Bg4 Ra4 30. Bf5 Rc4 31. Ra8 Qb7 32. Re8 h6 33. h4 b4 34. hxg5 Rc3 35. Qd1 Qb5 36. Ra8 Qb7 37. Rd8 Qb6 38. Ra8 Nd3 39. Rf1 Qb7 40. Rxf8+ Kxf8 41. gxh6 Ne5 42. h7 Kg7 43. Qh5 Kh8 44. Qg5 Ng6 45. Qf6+ Kxh7 46. g3 Qc7 47. Kg2 Kg8 48. Rh1 Qe7 49. Rh8+ Nxh8 50. Qxe7 b3 51. Qg5+ Kf8 52. Qd8+ Kg7 53. Qxd6 Ng6 54. Bxg6 fxg6 55. Qe5+ Kh7 56. Qxc3 1-0


[Site "https://www.chess.com"]